 Dungeon Crawl Stone Soup version 0.23.0-28-g6fe0f4d (webtiles) character file.

Game seed: 14830878750584935750

6150 Lavandula the Grappler (level 10, 0/98 HPs)
             Began as a Troll Wanderer on Feb 25, 2019.
             Slain by a yak (6 damage)
             ... while petrified by a basilisk
             ... on level 9 of the Dungeon.
             The game lasted 00:16:42 (6588 turns).

Lavandula the Grappler (Troll Wanderer)             Turns: 6588, Time: 00:16:43

Health: 0/98       AC: 10    Str: 23    XL:     10   Next: 59%
Magic:  12/12      EV:  1    Int: 10    God:
Gold:   561        SH:  0    Dex:  9    Spells: 8/13 levels left

rFire    . . .     SeeInvis .     - Unarmed
rCold    . . .     Gourm    +   (no shield)
rNeg     + + +     Faith    .   J - +0 troll leather armour
rPois    ∞         Spirit   .   F - +2 hat
rElec    .         Reflect  .   (no cloak)
rCorr    .         Harm     .   (gloves unavailable)
MR       .....     Rnd*Tele +   (boots unavailable)
Stlth    +.........             (no amulet)
HPRegen  1.06/turn              A - +4 ring of evasion
MPRegen  0.13/turn              z - ring of teleportation (curse)

@: petrified, very slightly contaminated
A: large, unfitting armour, claws 3, fast metabolism 3, gourmand, regeneration
1, shaggy fur 1, tough skin 3
a: no special abilities


You were on level 9 of the Dungeon.
You were full.

You visited 1 branch of the dungeon, and saw 9 of its levels.
You also visited: Sewer.

You collected 561 gold pieces.

Inventory:

Hand Weapons
 a - a +2 mace
Missiles
 h - 15 tomahawks (quivered)
Armour
 F - a +2 hat (worn)
 H - a +2 robe of positive energy
 J - a +0 troll leather armour (worn)
Magical Staves
 G - an uncursed staff of power {unknown}
Jewellery
 e - an uncursed ring of flight
 o - an uncursed ring of protection from cold
 x - an uncursed ring of positive energy
 z - a cursed ring of teleportation (right claw)
 A - a +4 ring of evasion (left claw)
Wands
 C - a wand of disintegration (27)
 E - a wand of enslavement (2)
 I - a wand of paralysis (9)
Scrolls
 b - a scroll of noise {unknown}
 d - 8 scrolls of teleportation {unknown}
 g - 5 scrolls of magic mapping {unknown}
 l - 2 scrolls of enchant armour {unknown}
 m - 2 scrolls of blinking {unknown}
 n - 15 scrolls of identify {unknown}
 r - 5 scrolls of remove curse {unknown}
 s - 2 scrolls of immolation {unknown}
 t - 3 scrolls of enchant weapon {unknown}
 v - a scroll of amnesia {unknown}
 y - 3 scrolls of fog {unknown}
 D - a scroll of silence {unknown}
Potions
 c - 5 potions of flight {unknown}
 i - 2 potions of lignification {unknown}
 j - a potion of brilliance {unknown}
 k - 2 potions of ambrosia {unknown}
 p - a potion of heal wounds {unknown}
 q - 5 potions of curing
 u - 4 potions of degeneration {unknown}
 w - a potion of invisibility {unknown}
 B - a potion of agility
Comestibles
 f - 18 rations


   Skills:
 - Level 6.3 Fighting
 - Level 1.7 Maces & Flails
   Level 1.2 Crossbows
 - Level 1.7 Throwing
 - Level 6.0 Dodging
 - Level 10.0 Unarmed Combat
 - Level 2.4 Spellcasting
 + Level 2.7 Hexes
 - Level 3.3 Translocations


You had 8 spell levels left.
You knew the following spells:

 Your Spells              Type           Power        Failure   Level  Hunger
a - Animate Skeleton      Necr           N/A          34%         1    ##.....
b - Confusing Touch       Hex            #.....       11%         1    ##.....
c - Blink                 Tloc           N/A          13%         2    ###....
g - Apportation           Tloc           #.....       9%          1    ##.....

Your spell library contained the following spells:

 Spells                   Type           Power        Failure   Level  Hunger
 Slow                     Hex            #.......     17%         2    ###....
 Magic Dart               Conj           #...         34%         1    ##.....
 Summon Small Mammal      Summ           #...         34%         1    ##.....
 Call Imp                 Summ           #.......     45%         2    ###....
 Conjure Flame            Conj/Fire      #.......     71%         3    ####...
 Mephitic Cloud           Conj/Pois/Air  #.......     71%         3    ####...


Dungeon Overview and Level Annotations

Branches:
Dungeon (9/15)             Temple (0/1) D:4            Lair (0/6) D:9
    Orc: D:9-12

Altars:
Cheibriados
Qazlal
Sif Muna
Vehumet
Wu Jian

Shops:
D:6 :


Innate Abilities, Weirdness & Mutations

You are too large for most types of armour.
You have claws for hands.
Your metabolism is lightning-fast.
You like to eat raw meat.
Your natural rate of healing is unusually fast.
You are covered in fur. (AC +1)
You have extremely tough skin. (AC +3)


Message History

The two-headed ogre hits you with a +0 dire flail.
The two-headed ogre closely misses you. The yak gores you!
* * * LOW HITPOINT WARNING * * *
The iguana bites you but does no damage.
You have turned to stone.
The two-headed ogre hits you with a +0 dire flail!
* * * LOW HITPOINT WARNING * * *
The two-headed ogre hits you with a +0 giant club!
* * * LOW HITPOINT WARNING * * *
The yak gores you but does no damage. The kobold hits you but does no damage.
The iguana bites you but does no damage.
The yak gores you!
* * * LOW HITPOINT WARNING * * *
The kobold hits you but does no damage.
The iguana bites you but does no damage.
The two-headed ogre completely misses you.
The two-headed ogre hits you with a +0 giant club!
* * * LOW HITPOINT WARNING * * *
The yak gores you!
You die...

...# .# #..###..
#....# .## ##.##.#
..# ...##.# #.#
.Y.##.###.#
.#.##..##.########
O#ll.#.#.......O.#
####l#.#......Kl@#
# #O.(.)......YK#
# #####........l#
#.........#
#.........#
#...†....<#
#######.####(#####
........ #.#
######## #Y#


You could see a two-headed ogre, a yak, a basilisk, an iguana and 2 kobolds.

Vanquished Creatures
  A two-headed ogre (D:8)
  An ugly thing (D:8)
  Joseph (D:9)
  A troll (D:9)
  Grinder (D:4)
  A spriggan (shapeshifter) (D:8)
  A human (D:7)
  5 yaks
  3 hogs (D:7)
  Menkaure (D:6)
  An eye of draining (D:8)
  A sky beast (D:9)
  An ice beast (D:6)
  2 phantoms
  2 centaurs
  3 ogres
  3 big kobolds
  5 bullfrogs
  3 scorpions
  A water moccasin skeleton (D:5)
  3 wights (D:8)
  A howler monkey (D:5)
  A centaur zombie (D:7)
  A crimson imp (D:8)
  5 hounds
  A quasit (D:8)
  8 orc wizards
  A jelly (D:9)
  4 orc priests
  2 iguanas
  4 worker ants
  A hound zombie (D:7)
  A howler monkey zombie (D:7)
  A worker ant zombie (D:8)
  10 adders
  A gnoll (D:3)
  A river rat (Sewer)
  2 shadow imps
  An ooze (D:2)
  2 adder zombies
  An adder skeleton (D:8)
  7 dart slugs
  5 worms
  7 leopard geckos
  26 orcs
  5 giant cockroaches
  17 goblins
  9 hobgoblins
  7 jackals
  12 kobolds
  3 quokkas
  2 ball pythons (D:3)
  6 bats
  2 frilled lizards
  A quokka zombie (D:6)
  9 rats
208 creatures vanquished.

Vanquished Creatures (collateral kills)
  Pikel (D:8)
  A yak (D:8)
  A slave (D:8)
  A worker ant zombie (D:8)
  An adder (D:8)
5 creatures vanquished.

Vanquished Creatures (others)
  An ice beast (D:8)
  A slave (D:8)
  A scorpion (D:8)
  A crimson imp (D:8)
  An orc (D:8)
  A ball python (D:3)
6 creatures vanquished.

Grand Total: 219 creatures vanquished

Notes
Turn   | Place    | Note
-------+----------+-------------------------------------------
     0 | D:1      | Lavandula the Troll Wanderer began the quest for the Orb.
     0 | D:1      | Lavandula set off with the following items: a +2 mace, a +0
                  | hand axe, a +0 hand crossbow, 28 bolts, a +0 robe, 2
                  | rations
     0 | D:1      | Reached XP level 1. HP: 22/22 MP: 0/0
    96 | D:1      | Reached skill level 1 in Unarmed Combat
   111 | D:1      | Reached XP level 2. HP: 29/29 MP: 1/1
   167 | D:1      | Reached skill level 2 in Unarmed Combat
   802 | D:1      | Reached XP level 3. HP: 36/36 MP: 2/2
  1042 | D:2      | Reached skill level 3 in Unarmed Combat
  1190 | D:2      | Reached XP level 4. HP: 26/44 MP: 3/3
  1283 | D:2      | Found a deep blue altar of Sif Muna.
  1366 | D:2      | Reached skill level 4 in Unarmed Combat
  1629 | D:3      | Found a glowing drain.
  1655 | Sewer    | Entered a sewer
  1717 | Sewer    | Noticed a big kobold
  1726 | Sewer    | Killed a big kobold
  1726 | Sewer    | Reached skill level 5 in Unarmed Combat
  1726 | Sewer    | Reached XP level 5. HP: 43/50 MP: 4/4
  1748 | Sewer    | Found a white marble altar of Elyvilon.
  1876 | D:3      | Learned a level 1 spell: Apportation
  1879 | D:3      | Learned a level 1 spell: Animate Skeleton
  1881 | D:3      | Learned a level 1 spell: Confusing Touch
  2247 | D:3      | Reached XP level 6. HP: 44/59 MP: 5/5
  2273 | D:3      | Reached skill level 6 in Unarmed Combat
  2380 | D:3      | Found a radiant altar of Vehumet.
  2380 | D:3      | Found an ornate altar of the Wu Jian Council.
  2610 | D:4      | Noticed Grinder
  2622 | D:4      | Killed Grinder
  2622 | D:4      | Reached skill level 7 in Unarmed Combat
  2622 | D:4      | Reached XP level 7. HP: 54/66 MP: 4/6
  2658 | D:4      | Found a staircase to the Ecumenical Temple.
  3234 | D:5      | Entered Level 5 of the Dungeon
  3284 | D:4      | Reached skill level 8 in Unarmed Combat
  3628 | D:5      | Reached skill level 9 in Unarmed Combat
  3730 | D:5      | Found a stormy altar of Qazlal.
  3973 | D:6      | Reached XP level 8. HP: 69/74 MP: 7/7
  4188 | D:6      | Found Livuott's Book Boutique.
  4216 | D:6      | Found a snail-covered altar of Cheibriados.
  4238 | D:6      | Reached skill level 10 in Unarmed Combat
  4245 | D:6      | Learned a level 2 spell: Blink
  4333 | D:6      | Noticed Menkaure
  4335 | D:6      | Killed Menkaure
  4335 | D:6      | Reached skill level 1 in Translocations
  4975 | D:7      | Reached XP level 9. HP: 80/80 MP: 8/8
  5131 | D:7      | Reached skill level 5 in Dodging
  5535 | D:8      | Noticed a two-headed ogre
  5535 | D:8      | Noticed Pikel
  5610 | D:8      | Killed a two-headed ogre
  5610 | D:8      | Reached skill level 5 in Fighting
  5626 | D:8      | Killed Pikel
  5626 | D:8      | Reached XP level 10. HP: 58/97 MP: 6/9
  5735 | D:8      | Noticed a red ugly thing
  5753 | D:8      | Killed a white ugly thing
  5921 | D:8      | Reached skill level 1 in Spellcasting
  6343 | D:9      | Noticed Joseph
  6407 | D:9      | Reached skill level 1 in Hexes
  6407 | D:9      | Noticed an eight-headed hydra
  6477 | D:9      | Killed Joseph
  6512 | D:9      | Noticed a two-headed ogre
  6513 | D:9      | Found a staircase to the Lair.
  6513 | D:9      | Noticed an elephant
  6588 | D:9      | Slain by a yak

Skill      XL: |  1  2  3  4  5  6  7  8  9 10 |
---------------+-------------------------------+-----
Unarmed Combat | 1 2 3 5 7 9 10 | 10.0
Translocations | 3 |  3.3
Dodging        | 3 6 |  6.0
Fighting       | 5 6 |  6.3
Spellcasting   | 2 |  2.4
Hexes          | 2 |  2.7
Maces & Flails | |  1.7
Crossbows      | |  1.2
Throwing       | |  1.7

Action                   |  1- 3 |  4- 6 |  7- 9 | 10-12 || total
-------------------------+-------+-------+-------+-------++-------
Melee: Mace              |    28 |       |       |       ||    28
       Unarmed           |    79 |   230 |   234 |   118 ||   661
       Punch             |     1 |     3 |    10 |     9 ||    23
Throw: Tomahawk          |       |     8 |     2 |       ||    10
 Cast: Confusing Touch   |       |     3 |     4 |     7 ||    14
       Animate Skeleton  |       |       |     1 |       ||     1
Evoke: Wand              |       |       |     1 |     3 ||     4
 Stab: Sleeping          |       |     1 |       |       ||     1
       Confused          |       |       |     2 |     2 ||     4
  Eat: Chunk             |    16 |    14 |    27 |     6 ||    63
Armor: Robe              |    41 |    95 |    53 |    21 ||   210
       Troll leather arm |       |       |       |    26 ||    26
Dodge: Dodged            |    51 |    91 |    80 |    73 ||   295
